 Dungeon Crawl Stone Soup version 0.23.2-40-g277498a001 (webtiles) character file.

Game seed: 5372260260893600597

3050 Kikorro the Cutter (level 9, -2/120 HPs)
             Began as a Grey Draconian Fighter on Sept 2, 2019.
             Was a Follower of Makhleb.
             Slain by a gnoll
             ... wielding a +0 halberd
              (4 damage)
             ... in a bailey.
             The game lasted 00:26:10 (7486 turns).

Kikorro the Cutter (Grey Draconian Fighter)         Turns: 7486, Time: 00:26:11

Health: -2/120     AC: 15    Str: 32    XL:     9   Next: 57%
Magic:  14/14      EV: 13    Int:  9    God:    Makhleb [*.....]
Gold:   73         SH: 12    Dex: 10    Spells: 15/15 levels left

rFire    . . .     SeeInvis .   a - +1 rapier
rCold    . . .     Gourm    .   b - +0 shield
rNeg     . . .     Faith    .   (armour unavailable)
rPois    .         Spirit   .   (helmet restricted)
rElec    .         Reflect  .   (no cloak)
rCorr    .         Harm     .   s - +0 pair of gloves
MR       .....                  n - +1 pair of boots
Stlth    ..........             (no amulet)
HPRegen  0.30/turn              k - ring of stealth
MPRegen  0.14/turn              u - +5 ring of strength

@: berserking, very quick
A: walk through water, unfitting armour, unbreathing, cold-blooded, AC +12
a: Renounce Religion


You were in a bailey.
You worshipped Makhleb.
Makhleb was aware of your devotion.
You were not hungry.

You visited 2 branches of the dungeon, and saw 8 of its levels.
You also visited: Bailey.

You collected 253 gold pieces.
You spent 180 gold pieces at shops.

Inventory:

Hand Weapons
 a - a +1 rapier (weapon)
Armour
 b - a +0 shield (worn)
 n - a +1 pair of boots (worn)
 s - a +0 pair of gloves (worn)
Jewellery
 k - a ring of stealth (left hand)
 q - an uncursed ring of see invisible
 u - a +5 ring of strength (right hand)
Wands
 t - a wand of paralysis (10)
Scrolls
 i - 3 scrolls of amnesia
 j - 3 scrolls of teleportation
 m - a scroll of fog
 o - a scroll of remove curse
 x - a scroll of enchant weapon
 y - a scroll of fear {unknown}
 B - a scroll of identify
Potions
 c - 5 potions of might
 e - a potion of resistance
 f - a potion of mutation
 h - 2 potions of haste {unknown}
 l - 2 potions of brilliance {unknown}
 p - a potion of agility
 r - a potion of cancellation {unknown}
 v - a potion of lignification {unknown}
 z - a potion of ambrosia {unknown}
Comestibles
 d - 12 rations
 A - 8 chunks of flesh


   Skills:
 + Level 7.7 Fighting
 + Level 7.9 Short Blades
 + Level 6.6 Dodging
 + Level 5.1 Stealth
 + Level 7.1 Shields
 + Level 3.9 Spellcasting
 + Level 4.8 Invocations


You had 15 spell levels left.
You didn't know any spells.
Your spell library was empty.

Dungeon Overview and Level Annotations

Branches:
Dungeon (7/15)             Temple (1/1) D:4

Altars:
Ashenzari
Cheibriados
Dithmenos
Elyvilon
Fedhas
Gozag
Hepliaklqana
Makhleb
Nemelex Xobeh
Okawaru
Qazlal
Sif Muna
Trog
Uskayaw
Wu Jian
Xom
Yredelemnul
Zin
The Shining One

Shops:
D:4 }?}   D:6 ?   D:7 (?


Innate Abilities, Weirdness & Mutations

You can walk through water.
Your dull iron-grey scales are very hard. (AC +12)
You cannot fit into any form of body armour.
You can survive without breathing.
You are cold-blooded and may be slowed by cold attacks.


Message History

* * * LOW HITPOINT WARNING * * *
The gnoll closely misses you. The gnoll sergeant misses you.
You puncture the gnoll sergeant! You tail-slap the gnoll sergeant!
The gnoll sergeant is severely wounded.
You block the gnoll's attack.
You impale the gnoll sergeant!!
You kill the gnoll sergeant!
Makhleb accepts your kill.
You feel better.
The gnoll sergeant hits you with a +0 glaive.
* * * LOW HITPOINT WARNING * * *
You block the gnoll's attack.
You puncture the gnoll sergeant!
Your tail-slap misses the gnoll sergeant.
The gnoll sergeant is severely wounded.
The gnoll misses you.
You hit the gnoll sergeant.
The gnoll sergeant is almost dead.
You block the gnoll sergeant's attack. The gnoll hits you with a +0 halberd.
You die...

♣≈. #...#
♣≈.######'''######
♣≈................
♣≈≈....)..........
♣♣≈≈≈≈≈≈≈.).≈≈≈≈≈≈
♣♣...(..†).......
♣♣♣...........♣♣
♣♣♣♣.gg....♣♣
♣♣)@g♣♣♣♣ ♣♣)♣♣
♣.♣ ♣∩♣ ###


You could see a gnoll sergeant and 2 gnolls.

Vanquished Creatures
  A hippogriff (D:6)
  Edmund (D:4)
  An orc warrior (D:6)
  3 sky beasts
  A phantom (D:4)
  4 ogres
  A necrophage (D:6)
  A centaur (D:6)
  A bullfrog (D:6)
  A gnoll sergeant (Bailey)
  2 scorpions
  6 hounds
  A gnoll shaman (Bailey)
  4 orc priests
  3 worker ants
  3 orc wizards (D:4)
  2 hound skeletons
  7 gnolls
  11 adders
  2 shadow imps
  2 oozes (D:3)
  An adder zombie (D:7)
  An adder skeleton (D:4)
  3 worms
  2 dart slugs
  6 leopard geckos
  10 orcs
  A giant cockroach (D:3)
  17 goblins
  9 hobgoblins
  3 jackals (D:3)
  3 quokkas
  5 bats
  3 frilled lizards
  8 kobolds
  11 rats
141 creatures vanquished.

Vanquished Creatures (others)
  A quokka (D:4)
1 creature vanquished.

Grand Total: 142 creatures vanquished

Notes
Turn   | Place    | Note
-------+----------+-------------------------------------------
     0 | D:1      | Kikorro the Draconian Fighter began the quest for the Orb.
     0 | D:1      | Reached XP level 1. HP: 19/19 MP: 1/1
    62 | D:1      | Reached XP level 2. HP: 25/27 MP: 2/2
   911 | D:2      | Reached XP level 3. HP: 29/33 MP: 3/3
  1184 | D:2      | Reached XP level 4. HP: 38/40 MP: 4/4
  1795 | D:3      | Reached XP level 5. HP: 46/46 MP: 5/5
  2710 | D:3      | Reached skill level 1 in Stealth
  2927 | D:4      | Found a white marble altar of Elyvilon.
  2969 | D:3      | Reached XP level 6. HP: 42/53 MP: 6/6
  3907 | D:4      | Found a staircase to the Ecumenical Temple.
  4255 | D:4      | Reached skill level 5 in Fighting
  4264 | D:4      | Your scales start taking on a dull iron-grey colour.
  4264 | D:4      | Reached XP level 7. HP: 33/61 MP: 7/7
  4264 | D:4      | Gained mutation: You can survive without breathing. [Grey
                  | Draconian growth]
  4437 | D:4      | Found Voassuc's Magic Scroll Boutique.
  4474 | D:4      | Found Tepiomint's Gadget Shoppe.
  4555 | D:4      | Noticed Edmund
  4576 | D:4      | Killed Edmund
  4576 | D:4      | Reached skill level 5 in Short Blades
  4768 | D:4      | Found Zeasoet's Gadget Emporium.
  4916 | Temple   | Entered the Ecumenical Temple
  4968 | Temple   | Became a worshipper of Makhleb the Destroyer
  5262 | D:4      | Reached XP level 8. HP: 73/73 MP: 7/13
  5273 | D:5      | Entered Level 5 of the Dungeon
  5273 | D:5      | Found a burning altar of Makhleb.
  5498 | D:5      | Found a basalt altar of Yredelemnul.
  5498 | D:5      | Found a stormy altar of Qazlal.
  5646 | D:6      | Found a hide-covered altar of Uskayaw.
  5668 | D:6      | Reached XP level 9. HP: 51/79 MP: 14/14
  5889 | D:6      | Reached skill level 5 in Stealth
  6608 | D:6      | Found Suptitia's Magic Scroll Emporium.
  6616 | D:6      | Bought a scroll of enchant weapon for 90 gold pieces
  6616 | D:6      | Bought a scroll of enchant armour for 90 gold pieces
  7083 | D:7      | Found Juoblino's Antique Weapon Boutique.
  7199 | D:7      | Found Digeirr's Magic Scroll Boutique.
  7247 | D:7      | Found a flagged portal.
  7251 | D:7      | Reached * piety under Makhleb
  7258 | Bailey   | Entered a bailey
  7477 | Bailey   | HP: 4/120 [gnoll sergeant/+0 glaive (7)]
  7482 | Bailey   | HP: 2/120 [gnoll sergeant/+0 glaive (3)]
  7486 | Bailey   | Slain by a gnoll

Skill      XL: |  1  2  3  4  5  6  7  8  9 |
---------------+----------------------------+-----
Fighting       | 4 5 7 |  7.7
Dodging        | 3 4 6 |  6.6
Short Blades   | 3 4 7 |  7.9
Stealth        | 1 4 5 |  5.1
Shields        | 4 6 7 |  7.1
Spellcasting   | 3 |  3.9
Invocations    | 4 |  4.8

Action                   |  1- 3 |  4- 6 |  7- 9 || total
-------------------------+-------+-------+-------++-------
Melee: Rapier            |   129 |   250 |   294 ||   673
       Tailslap          |    12 |    15 |    46 ||    73
  Use: Scroll            |     2 |     5 |     7 ||    14
       Potion            |       |     3 |     4 ||     7
 Stab: Sleeping          |     1 |     4 |     5 ||    10
  Eat: Chunk             |     1 |     8 |     2 ||    11
       Ration            |       |     1 |     2 ||     3
Armor: Skin              |    25 |    81 |    96 ||   202
Dodge: Dodged            |    42 |   103 |   181 ||   326
Block: Shield            |    64 |   113 |   210 ||   387
